 Dungeon Crawl Stone Soup version 0.32-a0-348-gc80224b (webtiles) character file.

Game seed: 2783364180811012067

308370 Caerwyn the Phalangite (level 20, -20/191 HPs)
             Began as a Mountain Dwarf Fighter on Feb 17, 2024.
             Was the Champion of Beogh.
             Demolished by Dorog the orc apostle
             ... wielding a +3 war axe of distortion
              (65 damage)
             ... on level 2 of the Vaults.
             The game lasted 00:57:49 (45323 turns).

Caerwyn the Phalangite (Mountain Dwarf Fighter)    Turns: 45323, Time: 00:57:50

Health: -20/191    AC: 31    Str: 24    XL:     20   Next: 35%
Magic:  20/22      EV: 10    Int: 11    God:    Beogh [******]
Gold:   929        SH:  0    Dex:  6    Spells: 19/19 levels left

rFire   + . .        a - +5 scythe "Finisher" {speed, execute}
rCold   + . .        (shield currently unavailable)
rNeg    + + .        U - +11 chain mail of Optimism {Will+}
rPois   +            (no helmet)
rElec   +            P - scarf {rC+ rF+}
rCorr   .            q - +2 pair of gloves
SInv    .            s - +2 pair of boots
Will    ++++.        T - amulet of faith {!P} Stlth
                     S - ring of Luzinnuduj {rElec rN++ Will+ MP-9 Dex-5}
HPRegen 0.51/turn    R - ring of poison resistance
MPRegen 0.18/turn

%: faith
@: studying Translocations
A: walk on water, runic magic, artefact enchanting
}: 2/15 runes: serpentine, barnacled
a: Renounce Religion, Smiting, Recall Apostles, Blood for Blood, Dismiss Urtork,
warrior, Dismiss Morguth, priest, Dismiss Learuk, priest


You were on level 2 of the Vaults.
You worshipped Beogh.
Beogh was exalted by your worship.
You visited 7 branches of the dungeon, and saw 33 of its levels.
You also visited: Sewer, Bailey, Volcano and Desolation.

You collected 4195 gold pieces.
You spent 3266 gold pieces at shops.

Inventory:

Hand Weapons
 a - the +5 scythe "Finisher" (weapon) {speed, execute}
   (You found it on level 11 of the Dungeon)
 b - the +9 staff of Olgreb {rPois∞}
   (You found it on level 4 of the Shoals)

   Radiate:   It can be activated via the 'a'bility menu to radiate toxic
   energy, with effectiveness depending on Evocations skill.
   Alch:      It enhances your alchemy magic.
   rPois∞: It grants immunity to poison.
 L - the +8 whip "Snakebite" {venom, curare, rPois, !f}
   (You found it on level 1 of the Lair of Beasts)

   rPois:     It protects you from poison
Missiles
 k - 7 javelins
 p - 11 silver javelins
 y - 4 curare-tipped darts {!f}
 G - 3 throwing nets (quivered) {!f}
Armour
 q - a +2 pair of gloves (worn)
   (You bought it in a shop on level 2 of the Orcish Mines)
 s - a +2 pair of boots (worn)
   (You found it on level 5 of the Lair of Beasts)
 x - a +2 helmet of see invisible
   (You found it in the Desolation of Salt)
 P - a scarf of resistance (worn)
   (You found it on level 4 of the Lair of Beasts)
 U - the +11 chain mail of Optimism (worn) {Will+}
   (You found it on level 12 of the Dungeon)

   Will+:     It increases your willpower.
Jewellery
 i - the ring "Eshal" {rF+ rN++ rCorr MP+9 Stlth-}
   (You found it on level 1 of the Shoals)

   [ring of protection from fire]

   rF+:       It protects you from fire.
   rN++:      It greatly protects you from negative energy.
   MP+9:      It affects your magic capacity (+9).
   rCorr:     It protects you from acid and corrosion.
   Stlth-:    It makes you less stealthy.
 I - the ring "Lohahuv" {rF+ Will+ Str-3 Int+3 SInv}
   (You found it on level 4 of the Shoals)

   [ring of see invisible]

   Str-3:     It affects your strength (-3).
   Int+3:     It affects your intelligence (+3).
   rF+:       It protects you from fire.
   Will+:     It increases your willpower.
   SInv:      It lets you see invisible.
 R - a ring of poison resistance (right hand)
   (You found it on level 13 of the Dungeon)
 S - the ring of Luzinnuduj (left hand) {rElec rN++ Will+ MP-9 Dex-5}
   (You found it on level 4 of the Lair of Beasts)

   [ring of willpower]

   Dex-5:     It affects your dexterity (-5).
   rElec:     It insulates you from electricity.
   rN++:      It greatly protects you from negative energy.
   Will+:     It increases your willpower.
   MP-9:      It affects your magic capacity (-9).
 T - an amulet of faith (around neck) {!P}
   (You bought it in a shop on level 6 of the Dungeon)
Wands
 d - a wand of iceblast (7)
   (You found it on level 8 of the Dungeon)
 t - a wand of flame (30)
   (You found it on level 5 of the Dungeon)
 u - a wand of paralysis (18)
   (You found it on level 7 of the Dungeon)
 v - a wand of digging (30)
   (You found it on level 7 of the Dungeon)
 E - a wand of mindburst (24)
   (You found it on level 2 of the Lair of Beasts)
 Y - a wand of polymorph (7)
   (You found it on level 5 of the Lair of Beasts)
Scrolls
 h - 3 scrolls of poison {!r}
 m - 19 scrolls of teleportation {@r4}
 o - 2 scrolls of torment {!r}
 r - 2 scrolls of brand weapon
 w - 4 scrolls of revelation
 z - 9 scrolls of enchant armour
 A - 10 scrolls of fog
 C - 4 scrolls of immolation {!r}
 J - 2 scrolls of summoning
 O - 16 scrolls of identify {@r1}
 Q - 3 scrolls of vulnerability {!r}
 X - 3 scrolls of enchant weapon
 Z - 4 scrolls of fear
Potions
 e - a potion of resistance
 g - 6 potions of brilliance
 j - 4 potions of attraction {!q}
 l - 14 potions of curing {@q1}
 n - 2 potions of berserk rage
 B - 4 potions of lignification {!q}
 D - 6 potions of haste {@q3}
 F - 4 potions of magic
 H - 4 potions of invisibility
 K - 8 potions of might
 M - 5 potions of enlightenment
 N - 4 potions of mutation {!q}
Miscellaneous
 c - a box of beasts
   (You found it on level 12 of the Dungeon)
 f - a phantom mirror
   (You found it on level 3 of the Shoals)
 V - a phial of floods
   (You found it in the Desolation of Salt)
 W - a condenser vane
   (You found it on level 12 of the Dungeon)


   Skills:
 + Level 19.0 Fighting
 - Level 12.6(22.7) Axes
 - Level 25.3(26.0) Polearms
 + Level 14.8 Armour
 - Level 5.0 Dodging
 - Level 5.0 Shields
 - Level 15.0 Invocations
 - Level 5.0 Evocations


You had 19 spell levels left.
You didn't know any spells.
Your spell library contained the following spells:

 Spells                   Type           Power      Damage    Failure   Level
 Apportation              Tloc           0%         N/A       43%         1
 Magic Dart               Conj           0%         1d3       43%         1
 Necrotise                Necr           0%         1d4       43%         1
 Sandblast                Erth           0%         2d4       43%         1
 Shock                    Conj/Air       0%         1d3       43%         1
 Sting                    Conj/Alch      0%         1d3       43%         1
 Summon Small Mammal      Summ           0%         N/A       43%         1
 Blink                    Tloc           0%         N/A       58%         2
 Ensorcelled Hibernation  Hex/Ice        0%         N/A       58%         2
 Lesser Beckoning         Tloc           0%         N/A       58%         2
 Mercury Vapours          Alch/Air       0%         N/A       58%         2
 Momentum Strike          Conj/Tloc      0%         3d8       58%         2
 Searing Ray              Conj           0%         2d4       58%         2
 Call Canine Familiar     Summ           0%         N/A       82%         3
 Frozen Ramparts          Ice            0%         1d1       82%         3
 Mephitic Cloud           Conj/Alch/Air  0%         N/A       82%         3
 Passwall                 Erth           0%         N/A       82%         3
 Stone Arrow              Conj/Erth      0%         3d7       82%         3
 Swiftness                Air            0%         N/A       82%         3
 Vampiric Draining        Necr           0%         2d6       82%         3
 Volatile Blastmotes      Fire/Tloc      0%         2d10      82%         3
 Airstrike                Air            0%         2d(0-16)  99%         4
 Anguish                  Hex/Necr       0%         N/A       99%         4
 Animate Armour           Summ/Erth      0%         N/A       99%         4
 Brom's Barrelling Bould  Conj/Erth      0%         2d3       99%         4
 Cause Fear               Hex            0%         N/A       99%         4
 Dispel Undead            Necr           0%         3d6       99%         4
 Fulminant Prism          Conj/Alch      0%         3d5       99%         4
 Iskenderun's Mystic Bla  Conj/Tloc      0%         2d3       99%         4
 Leda's Liquefaction      Alch/Erth      0%         N/A       99%         4
 Olgreb's Toxic Radiance  Alch           0%         N/A       99%         4
 Passage of Golubria      Tloc           0%         N/A       99%         4
 Petrify                  Alch/Erth      0%         N/A       99%         4
 Sticky Flame             Fire/Alch      0%         2d4       99%         4
 Summon Blazeheart Golem  Fire/Summ      0%         N/A       99%         4
 Vhi's Electric Charge    Tloc/Air       0%         N/A       99%         4
 Arcjolt                  Conj/Air       0%         1d10      100%        5
 Freezing Cloud           Conj/Ice/Air   0%         6-21      100%        5
 Metabolic Englaciation   Hex/Ice        0%         N/A       100%        5
 Summon Forest            Summ/Tloc      0%         N/A       100%        5
 Plasma Beam              Fire/Air       0%         2x1d10    100%        6
 Enfeeble                 Hex            0%         N/A       100%        7
 Haunt                    Necr/Summ      0%         N/A       100%        7
 Ozocubu's Refrigeration  Ice            0%         4d7       100%        7
 Spellforged Servitor     Conj/Summ      0%         N/A       100%        7
 Borgnjor's Revivificati  Necr           0%         N/A       100%        8
 Discord                  Hex            0%         N/A       100%        8
 Maxwell's Capacitive Co  Air            0%         ∞         100%        8
 Death's Door             Necr           0%         N/A       100%        9


Dungeon Overview and Level Annotations

Branches:
Dungeon (15/15)            Temple (1/1) D:4            Lair (5/5) D:8
 Shoals (4/4) Lair:3        Snake (4/4) Lair:2        Slime (0/5) Lair:5
    Orc (2/2) D:10            Elf (0/3) Orc:2        Vaults (2/5) D:14
 Depths (0/4) D:15          Sewer (visited)          Bailey (visited)
Volcano (visited)         Desolation (visited)
  Crypt: Vaults:2-3

Altars:
Ashenzari
Cheibriados
Dithmenos
Elyvilon
Fedhas
Gozag
Hepliaklqana
Kikubaaqudgha
Makhleb
Nemelex Xobeh
Okawaru
Qazlal
Ru
Sif Muna
Trog
Uskayaw
Vehumet
Wu Jian
Xom
Yredelemnul
Zin
The Shining One
Beogh
Jiyva

Shops:
D:6 *   D:14 =   Orc:1 **   Orc:2 *[?*   Shoals:1 (   Snake:3 *??*


Innate Abilities, Weirdness & Mutations

You can walk on water.
Your facial features are unmistakably orcish.
Your spellcasting is much less encumbered by armour.
You can use scrolls of enchantment on lesser artefacts.


Message History

Unknown command.
You hit Dorog. You closely miss Dorog.
Dorog hits you with a +3 war axe of distortion!
Space warps horribly around you.
Unknown command.
Unknown command.
Unknown command.
You closely miss Dorog.
Unknown command.
Unknown command.
You slash Dorog!
Dorog hits you with a +3 war axe of distortion!!
You blink.
The orc knight closely misses you.
The orc knight hits you but does no damage.
Unknown command.
Press: ? - help, v - describe, . - travel
Here: an orc knight, wielding a +2 great mace and wearing a +0 chain mail (durably summoned, strong)
A collapsed entrance.
Dorog hits you with a +3 war axe of distortion!!
Space warps around you.
The orc knight hits you with a +2 long sword of venom.
The orc knight hits you with a +2 great mace.
You hit Dorog.
Unknown command.
You puncture Dorog!
Dorog hits you with a +3 war axe of distortion!!
* * * LOW HITPOINT WARNING * * *
Space warps around you.
* * * LOW HITPOINT WARNING * * *
The orc knight hits you with a +2 long sword of venom!
* * * LOW HITPOINT WARNING * * *
The orc knight hits you with a +2 great mace!!
* * * LOW HITPOINT WARNING * * *
Unknown command.
Urtork is recalled.
Morguth is recalled.
Learuk is recalled.
Dorog hits you but does no damage.
Beogh refuses to let the Abyss claim you during a challenge!
Dorog hits Urtork with a +3 war axe of distortion!!
Urtork is devoured by a tear in reality.
The orc knight hits you but does no damage.
You are poisoned.
The orc knight hits you with a +2 great mace!
* * * LOW HITPOINT WARNING * * *
Unknown command.
Unknown command.
You feel better.
Dorog hits you with a +3 war axe of distortion!!!
You die...
Beogh appreciates Dorog's killing of a heretic priest.

+***,*,,*,,,,,,,,,*#......'......
,,,*,*,,*,,,,,,,,,*#......#......
,,,*,*,,+,,,,,,,,,*#......#......
,,,*,+,,***#########......#......
,,,*,*,,* #.......'......#......
,,,*,*,,* #.......#......#......
+***,*,,* #)......#......#......
,,,,,**** #...o.o.#......#####'#
+***** #...o@..+......# #.. ,,,,*
#...oo§.+(.....# #.. ,,,,*
#.......#......# #..
***+******###'############# #^.
**,*,*,*,+.#.## #..
*,,*,+,+,#.'..# #..
**+*,*,*,#.#### ###
*,,,,*,*,#.,,,* ****+*,*,#**+**
******


You could see 2 orc knights, Dorog the orc apostle (strong, ally target,
divinely empowered), the friendly Learuk the orc apostle and the friendly
Morguth the orc apostle.

Vanquished Creatures
  Zenata (Vaults:2)
  Polyphemus (Shoals:2)
  A storm dragon (Shoals:4)
  Aizul (Snake:1)
  2 nagarajas (Snake:4)
  2 tengu reavers (D:12)
  2 fire giants
  4 vault wardens
  A frost giant (D:12)
  3 imperial myrmidons (Desolation)
  Louise (D:15)
  4 ironbound preservers
  A formless jellyfish (Vaults:1)
  5 ironbound thunderhulks (Vaults:1)
  A red draconian (Volcano)
  A war gargoyle (Desolation)
  Azrael (D:15)
  2 halazid warlocks (Desolation)
  An ettin (Vaults:1)
  2 fire dragons (D:15)
  An orc apostle (Snake:3)
  Josephine (Orc:2)
  7 merfolk impalers
  2 merfolk javelineers (Shoals:4)
  A crystal guardian (Desolation)
  A yaktaur captain (Vaults:2)
  An entropy weaver (Vaults:1)
  7 ragged hierophants (Desolation)
  2 great orbs of eyes (Vaults:1)
  3 salamander tyrants
  7 servants of whispers (Desolation)
  An ironbound frostheart (Vaults:1)
  13 centaur warriors
  An ice dragon (Lair:5)
  A catoblepas (Shoals:2)
  2 hydras
  7 peacekeepers (Desolation)
  14 anacondas
  3 boulder beetles
  2 alligator snapping turtles
  A vault guard (Vaults:1)
  4 two-headed ogres
  A merfolk avatar (Shoals:4)
  7 merfolk aquamancers
  2 death yaks (Shoals:2)
  20 naga warriors
  A shock serpent (shapeshifter) (D:12)
  2 tengu warriors
  10 naga sharpshooters
  A shock serpent (Snake:2)
  A sun demon (Snake:1)
  3 skysharks
  Nergalle (D:12)
  An iron troll (Vaults:2)
  A skeletal warrior (D:11)
  15 deep trolls
  7 salamander mystics
  14 sea snakes
  14 mana vipers
  A shadow dragon zombie (Vaults:1)
  2 arcanists
  5 naga ritualists
  21 harpies
  A phantasmal warrior (D:12)
  2 necromancers (Vaults:1)
  10 ironbound convokers
  10 lindwurms
  14 manticores
  5 orc knights
  6 fauns
  An orc sorcerer (Vaults:1)
  8 cyclopes
  19 salamanders
  16 ugly things
  14 guardian serpents
  4 kobold blastminers (Orc:2)
  8 water nymphs
  44 black mambas
  6 molten gargoyles
  9 merfolk sirens
  7 elephants (Lair:4)
  3 torpor snails (Lair:5)
  A vault sentinel (Vaults:1)
  An orange demon (Lair:5)
  15 naga magi
  12 cane toads
  4 gargoyles
  A yaktaur zombie (Vaults:1)
  An unseen horror (shapeshifter) (D:15)
  A freezing wraith (D:14)
  15 yaktaurs
  A kobold demonologist (D:12)
  A rime drake (Lair:2)
  An unseen horror (D:12)
  8 komodo dragons
  A tengu conjurer (D:13)
  10 wind drakes
  6 polar bears
  5 trolls
  13 merfolk
  2 tyrant leeches (Lair:5)
  5 hornets (Lair:5)
  9 dream sheep
  51 saltlings (Desolation)
  10 blink frogs
  A snapping turtle (Shoals:1)
  4 air elementals (Shoals:4)
  A centaur simulacrum (D:12)
  A shadow (D:9)
  23 slime creatures
  A culicivora (Vaults:1)
  11 water elementals
  5 basilisks
  9 wraiths
  8 wyverns (Lair:5)
  3 fire elementals (D:15)
  2 redbacks
  2 wargs
  5 fire bats
  21 yaks
  A steam dragon (D:7)
  A yaktaur simulacrum (Vaults:1)
  39 nagas
  20 water moccasins
  An acid dragon (D:11)
  2 hell hounds (D:15)
  12 orc warriors
  2 ice beasts
  A sky beast (D:4)
  2 black bears
  A tengu (shapeshifter) (D:12)
  3 ogres
  18 wolves
  7 centaurs
  2 phantoms
  5 kobold brigands
  2 brain worms (Sewer)
  2 scorpions
  10 bullfrogs
  2 human skeletons (Vaults:1)
  3 killer bees (D:9)
  4 electric eels
  3 lava snakes (Volcano)
  6 howler monkeys
  6 bombardier beetles
  5 hounds
  5 orc priests
  12 jellies
  A gnoll bouda (D:6)
  3 iguanas
  13 orc wizards
  8 gnolls
  4 river rats (Sewer)
  20 adders
  A shadow imp (D:7)
  2 ribbon worms
  A dart slug (D:1)
  16 orcs
  5 bats
  17 endoplasms
  11 giant cockroaches
  4 goblins
  8 hobgoblins
  4 jackals (D:3)
  3 quokkas
  13 ball pythons
  9 frilled lizards
  26 kobolds
  7 rats
1060 creatures vanquished.

Vanquished Creatures (collateral kills)
  4 nagarajas
  A vault warden (Vaults:1)
  A merfolk javelineer (Shoals:4)
  4 merfolk impalers
  An entropy weaver (D:14)
  A vault guard (D:14)
  4 merfolk avatars
  2 salamander tyrants (Snake:4)
  4 anacondas (Snake:4)
  A two-headed ogre (D:13)
  A centaur warrior (D:15)
  A merfolk aquamancer (Shoals:1)
  2 alligator snapping turtles
  3 naga warriors
  2 sphinx skeletons (Vaults:1)
  An orc high priest (Snake:1)
  4 shock serpents (Snake:1)
  6 naga sharpshooters
  3 salamander mystics (Snake:4)
  5 sea snakes
  5 mana vipers
  3 deep trolls (Vaults:1)
  A lindwurm (Vaults:1)
  2 naga ritualists (Snake:3)
  2 ironbound convokers (Vaults:1)
  11 harpies
  A deep elf pyromancer (D:11)
  4 orc knights
  2 wolf spiders (Lair:5)
  12 salamanders
  2 merfolk sirens (Shoals:1)
  3 cyclopes
  3 manticores
  3 vault sentinels (Vaults:1)
  12 black mambas
  2 water nymphs
  A guardian serpent (Snake:3)
  An unseen horror (D:13)
  4 cane toads
  2 naga magi
  2 torpor snails (Lair:5)
  A rime drake (Lair:2)
  3 komodo dragons
  6 merfolk
  A polar bear (Lair:4)
  4 trolls
  5 hornets (Lair:5)
  2 tyrant leeches (Lair:5)
  4 wind drakes (Shoals:4)
  8 blink frogs
  A raiju (Snake:3)
  A snapping turtle (Shoals:4)
  7 dream sheep
  3 shadows
  8 water elementals
  2 slime creatures (D:15)
  13 yaks
  2 basilisks (Lair:5)
  5 wyverns
  A wraith (D:11)
  2 fire bats (Volcano)
  A redback (Lair:5)
  16 nagas
  A hell hound (D:15)
  9 water moccasins
  4 orc warriors
  An ogre (Orc:1)
  3 centaurs
  7 wolves
  3 kobold brigands
  A human zombie (Vaults:1)
  A bullfrog (Lair:4)
  A human skeleton (Vaults:1)
  2 killer bees (D:9)
  6 electric eels
  2 howler monkeys (D:10)
  A lava snake (Volcano)
  2 orc priests
  2 jellies
  An orc wizard (Orc:1)
  An adder (Lair:1)
  4 goblins (D:10)
  12 kobolds
289 creatures vanquished.

Vanquished Creatures (others)
  A ragged hierophant (Desolation)
  24 orc apostles
  3 orc warriors
  A kobold brigand (Bailey)
  3 orc priests
  12 orcs
44 creatures vanquished.

Grand Total: 1393 creatures vanquished

Notes
Turn   | Place    | Note
-------+----------+-------------------------------------------
     0 | D:1      | Caerwyn the Mountain Dwarf Fighter began the quest for the
                  | Orb.
     0 | D:1      | Reached XP level 1. HP: 19/19 MP: 1/1
   141 | D:1      | Reached XP level 2. HP: 21/26 MP: 2/2
   633 | D:1      | Reached XP level 3. HP: 31/31 MP: 3/3
  1058 | D:2      | Found a faded altar of an unknown god.
  1061 | D:2      | Noticed a glass eye
  1072 | D:2      | Noticed a great orb of eyes
  1076 | D:2      | Noticed a great orb of eyes
  1079 | D:2      | Noticed a shining eye
  1118 | D:2      | Reached skill level 5 in Axes
  1225 | D:2      | Reached XP level 4. HP: 38/38 MP: 4/4
  1333 | D:2      | Identified the +7 sling of Moderation {drain, Dex+4}
  1740 | D:3      | Found a shimmering blue altar of Sif Muna.
  1767 | D:3      | Reached XP level 5. HP: 38/45 MP: 5/5
  2278 | D:3      | Reached XP level 6. HP: 51/51 MP: 6/6
  2439 | D:3      | Found a roughly hewn altar of Beogh.
  2449 | D:3      | Became a worshipper of Beogh the Shepherd
  2808 | D:4      | Reached XP level 7. HP: 57/57 MP: 7/7
  2889 | D:4      | Found a glowing drain.
  2892 | D:4      | Reached * piety under Beogh
  2899 | D:4      | Reached skill level 10 in Axes
  2908 | Sewer    | Entered a sewer
  2992 | Sewer    | Reached skill level 1 in Invocations
  3465 | D:4      | Found an iron altar of Okawaru.
  3485 | D:4      | Found a staircase to the Ecumenical Temple.
  3611 | Temple   | Entered the Ecumenical Temple
  3654 | D:4      | Found a blossoming altar of Fedhas.
  3762 | D:5      | Entered Level 5 of the Dungeon
  3805 | D:5      | Reached XP level 8. HP: 66/66 MP: 9/9
  3836 | D:5      | Reached ** piety under Beogh
  4539 | D:6      | Found Hiotreox's Assorted Antiques.
  4543 | D:6      | Bought a large ruby amulet for 145 gold pieces
  4543 | D:6      | Bought 2 smoky clear potions for 52 gold pieces
  4543 | D:6      | Bought a scroll of identify for 58 gold pieces
  4543 | D:6      | Bought a potion of curing for 87 gold pieces
  4669 | D:6      | Found an ornate altar of the Wu Jian Council.
  4680 | D:6      | Reached skill level 1 in Dodging
  4680 | D:6      | Reached skill level 5 in Shields
  4696 | D:6      | Reached skill level 5 in Fighting
  4696 | D:6      | Reached skill level 5 in Armour
  5021 | D:6      | Reached XP level 9. HP: 48/74 MP: 12/12
  5390 | D:7      | Reached skill level 5 in Invocations
  6026 | D:7      | Found a glowing golden altar of the Shining One.
  6368 | D:8      | Reached skill level 1 in Evocations
  6413 | D:8      | Reached *** piety under Beogh
  6426 | D:8      | Noticed Ognian
  6446 | D:8      | Anointed Ognian the priest as your apostle
  6552 | D:8      | Identified the +6 ring mail "Ysiecuat" {Will+ Dex+5}
  7127 | D:8      | Found a staircase to the Lair.
  8022 | D:9      | Reached XP level 10. HP: 58/84 MP: 14/14
  8050 | D:9      | Noticed Orik
  8061 | D:9      | Anointed Orik the warrior as your apostle
  8162 | D:10     | Entered Level 10 of the Dungeon
  8253 | D:10     | Found an opulent altar of Gozag.
  8276 | D:10     | Found a staircase to the Orcish Mines.
  8282 | D:10     | Noticed a two-headed ogre
  8286 | D:10     | Killed a two-headed ogre
  8310 | D:10     | Found a flagged portal.
  8320 | D:10     | Reached **** piety under Beogh
  8352 | Bailey   | Entered a bailey
  8454 | Bailey   | Found an iron altar of Okawaru.
  8716 | D:10     | Found a broken altar of Ashenzari.
  9145 | D:11     | Noticed a cyclops
  9154 | D:11     | Killed a cyclops
  9438 | D:11     | Noticed a deep elf pyromancer
  9443 | D:11     | Killed a deep elf pyromancer
  9444 | D:11     | Reached XP level 11. HP: 70/93 MP: 15/17
  9952 | D:11     | Noticed a skeletal warrior
  9952 | D:11     | Found the +5 scythe "Finisher" {speed, execute}
  9967 | D:11     | Killed a skeletal warrior
 10280 | D:11     | Reached skill level 5 in Evocations
 10342 | D:11     | Identified the +4 dire flail "Jaddibb" {heavy, Int+5}
 10342 | D:11     | Noticed Bogrim
 10345 | D:11     | Anointed Bogrim the warrior as your apostle
 10790 | D:12     | Reached skill level 1 in Polearms
 10793 | D:12     | Noticed a tengu reaver
 10803 | D:12     | Killed a tengu reaver
 10949 | D:12     | Noticed a centaur warrior
 10950 | D:12     | Noticed a tengu reaver
 10951 | D:12     | Noticed a fire giant
 10952 | D:12     | Noticed a frost giant
 10952 | D:12     | Noticed a phantasmal warrior
 10956 | D:12     | Noticed a two-headed ogre
 10957 | D:12     | Noticed a sun moth
 10957 | D:12     | Your ally Bogrim died
 11307 | Lair:1   | Entered Level 1 of the Lair of Beasts
 11321 | Lair:1   | Reached skill level 2 in Polearms
 11405 | Lair:1   | Reached skill level 5 in Dodging
 11443 | Lair:1   | Reached skill level 3 in Polearms
 11654 | Lair:1   | Your ally Ognian died
 11660 | Lair:1   | Reached skill level 10 in Invocations
 11662 | Lair:1   | Reached skill level 4 in Polearms
 11767 | Lair:1   | Reached XP level 12. HP: 85/104 MP: 19/19
 12246 | Lair:1   | Found the +8 whip "Snakebite" {venom, curare, rPois}
 12436 | Lair:2   | Reached ***** piety under Beogh
 12437 | Lair:2   | Reached skill level 5 in Polearms
 12600 | Lair:2   | Reached skill level 10 in Fighting
 12600 | Lair:2   | Reached skill level 10 in Armour
 12851 | Lair:2   | Reached skill level 6 in Polearms
 12968 | Lair:2   | Reached skill level 7 in Polearms
 13152 | Lair:2   | Found a staircase to the Snake Pit.
 13340 | Lair:2   | Reached skill level 8 in Polearms
 13389 | Lair:2   | Identified the +8 mace "Lesaw" {freeze, rPois}
 13389 | Lair:2   | Noticed Marbork
 13408 | Lair:2   | Anointed Marbork the priest as your apostle
 14012 | Lair:3   | Reached skill level 9 in Polearms
 14391 | Lair:3   | Found a staircase to the Shoals.
 14553 | Lair:4   | Reached skill level 10 in Polearms
 14553 | Lair:4   | Your ally Marbork died
 14578 | Lair:4   | Your ally Ognian died
 14609 | Lair:4   | Reached XP level 13. HP: 18/113 MP: 20/20
 14611 | Lair:4   | Reached ****** piety under Beogh
 14975 | Lair:4   | Identified the ring of Luzinnuduj {rElec rN++ Will+ MP-9
                  | Dex-5}
 15116 | Lair:4   | Reached skill level 11 in Polearms
 15597 | Lair:4   | Reached skill level 12 in Polearms
 15741 | Lair:4   | You fall into a shaft and drop 1 floor!
 15741 | Lair:5   | Entered Level 5 of the Lair of Beasts
 15741 | Lair:5   | Found a staircase to the Slime Pits.
 15741 | Lair:5   | Found a viscous altar of Jiyva.
 16131 | Lair:5   | Reached skill level 13 in Polearms
 16306 | Lair:5   | Your ally Marbork died
 16326 | Lair:5   | Reached skill level 14 in Polearms
 16363 | Lair:5   | Noticed Bogbarth
 16376 | Lair:5   | Anointed Bogbarth the wizard as your apostle
 17034 | Lair:5   | Reached skill level 15 in Polearms
 17034 | Lair:5   | Reached XP level 14. HP: 100/121 MP: 21/21
 17273 | Lair:5   | Your ally Orik died
 18546 | D:12     | Your ally Bogbarth died
 18546 | D:12     | Your ally Ognian died
 18556 | D:12     | Killed a tengu reaver
 18561 | D:12     | Killed a frost giant
 18855 | D:12     | Identified the +11 chain mail of Optimism {Will+}
 18908 | D:12     | Reached skill level 16 in Polearms
 19079 | D:12     | Killed a fire giant
 19316 | D:12     | Noticed Nergalle
 19321 | D:12     | Killed Nergalle
 19881 | Orc:1    | Entered Level 1 of the Orcish Mines
 20007 | Orc:2    | Entered Level 2 of the Orcish Mines
 20054 | Orc:2    | Found a dark tunnel.
 20073 | Volcano  | Entered a volcano
 20229 | Volcano  | Found a bloodstained altar of Trog.
 20369 | Volcano  | Identified the +0 pair of gloves of Otutod {Str-4 Int+4}
 20485 | Orc:2    | Noticed Josephine
 20491 | Orc:2    | Killed Josephine
 20598 | Orc:1    | Found Ymoijuox's Specific Store.
 20859 | Orc:1    | Found Zeesiete's General Store.
 20863 | Orc:1    | Bought a potion of berserk rage for 60 gold pieces
 20977 | Orc:1    | Your ally Bogbarth died
 21124 | Orc:1    | Reached XP level 15. HP: 131/134 MP: 15/24
 21235 | Orc:2    | Found a staircase to the Elven Halls.
 21373 | Orc:2    | Your ally Ognian died
 21390 | Orc:2    | Found Vesutan's Armour Shop.
 21390 | Orc:2    | Found Peug's Magic Scroll Shoppe.
 21395 | Orc:2    | Found Munoqar's Assorted Antiques.
 21418 | Orc:2    | Found Ineusaff's Assorted Antiques.
 21680 | Orc:2    | Bought a scroll of enchant armour for 97 gold pieces
 21680 | Orc:2    | Bought a scroll of enchant weapon for 97 gold pieces
 21680 | Orc:2    | Bought a scroll of fog for 52 gold pieces
 21680 | Orc:2    | Bought a scroll of fog for 52 gold pieces
 21680 | Orc:2    | Bought a scroll of fear for 52 gold pieces
 21681 | Orc:2    | Bought a +0 pair of gloves for 45 gold pieces
 21696 | Orc:2    | Bought a granite ring for 190 gold pieces
 21696 | Orc:2    | Bought a potion of mutation for 304 gold pieces
 21696 | Orc:2    | Bought a scroll of enchant armour for 285 gold pieces
 21696 | Orc:2    | Bought a scroll of blinking for 285 gold pieces
 21701 | Orc:2    | Bought 2 viscous sapphire potions for 59 gold pieces
 22347 | D:13     | Identified the +1 robe of Gravitas {Int+4}
 23165 | D:14     | Found a gate to the Vaults.
 23346 | D:14     | Reached skill level 17 in Polearms
 23376 | D:14     | Your ally Ognian died
 23932 | D:14     | Found Voicugy's Jewellery Emporium.
 24370 | D:15     | Entered Level 15 of the Dungeon
 24465 | D:15     | Noticed Azrael
 24482 | D:15     | Your ally Ognian died
 24491 | D:15     | Killed Azrael
 24802 | D:15     | Noticed Louise
 24810 | D:15     | Killed Louise
 25435 | D:15     | Found a staircase to the Depths.
 25824 | Shoals:1 | Entered Level 1 of the Shoals
 25986 | Shoals:1 | Found Otempoed's Antique Weapon Shop.
 26137 | Shoals:1 | Identified the +2 dire flail of Greed {flame, *Noise rElec
                  | Dex+9}
 26151 | Shoals:1 | Your ally Ognian died
 26152 | Shoals:1 | Your ally Orik died
 26156 | Shoals:1 | Your ally Bogbarth died
 26161 | Shoals:1 | Anointed Urtork the warrior as your apostle
 26698 | Shoals:1 | Reached XP level 16. HP: 63/147 MP: 18/27
 26927 | Shoals:1 | Identified the ring "Eshal" {rF+ rN++ rCorr MP+9 Stlth-}
 27178 | Shoals:1 | Reached skill level 15 in Invocations
 27190 | Shoals:1 | Your ally Urtork died
 27448 | Shoals:2 | Reached skill level 18 in Polearms
 27547 | Shoals:2 | Reached skill level 15 in Fighting
 27788 | Shoals:2 | Noticed Polyphemus
 27802 | Shoals:2 | HP: 1/149 [centaur warrior/arrow (15)]
 28190 | Shoals:2 | HP: 5/149 [alligator snapping turtle (30)]
 28209 | Shoals:2 | Killed Polyphemus
 29033 | Shoals:3 | Reached skill level 19 in Polearms
 29450 | Shoals:3 | Identified the +1 ring mail of Action {rF+ Will- Str+8}
 30393 | Snake:1  | Entered Level 1 of the Snake Pit
 30527 | Snake:1  | Reached skill level 20 in Polearms
 30695 | Snake:1  | Your ally Bogbarth died
 30720 | Snake:1  | Identified the serpent talisman of Iraesko {rF- rN+ Int+4
                  | Dex+3}
 30720 | Snake:1  | Noticed Aizul
 30731 | Snake:1  | Killed Aizul
 31365 | Snake:1  | Your ally Orik died
 31411 | Snake:1  | Identified the +7 dagger "Huj Beab" {chaos, Dex+3}
 31433 | Snake:1  | Anointed Herok the wizard as your apostle
 31903 | Snake:2  | Reached XP level 17. HP: 156/156 MP: 19/28
 32786 | Snake:2  | Reached skill level 21 in Polearms
 33196 | Snake:2  | Your ally Urtork died
 33730 | Snake:3  | Found Ybur's General Store.
 33733 | Snake:3  | Found Sihu Tygh's Magic Scroll Shop.
 33733 | Snake:3  | Found Kuxter's Magic Scroll Boutique.
 33786 | Snake:3  | Found Xosefokh's General Store.
 33808 | Snake:3  | Bought a scroll of fog for 68 gold pieces
 33808 | Snake:3  | Bought a scroll of fear for 68 gold pieces
 33808 | Snake:3  | Bought a scroll of revelation for 127 gold pieces
 33808 | Snake:3  | Bought 3 scrolls of teleportation for 153 gold pieces
 33808 | Snake:3  | Bought a scroll of teleportation for 51 gold pieces
 33811 | Snake:3  | Bought 2 scrolls of enchant armour for 270 gold pieces
 33814 | Snake:3  | Bought a scroll of enchant armour for 97 gold pieces
 33814 | Snake:3  | Bought a scroll of enchant armour for 97 gold pieces
 33814 | Snake:3  | Bought a scroll of enchant armour for 97 gold pieces
 33814 | Snake:3  | Bought a scroll of teleportation for 39 gold pieces
 33814 | Snake:3  | Bought 2 scrolls of fog for 104 gold pieces
 33814 | Snake:3  | Bought a scroll of fog for 52 gold pieces
 33814 | Snake:3  | Bought a scroll of teleportation for 39 gold pieces
 33817 | Snake:3  | Bought a potion of curing for 36 gold pieces
 33817 | Snake:3  | Bought a scroll of fog for 48 gold pieces
 34112 | Snake:3  | Reached skill level 22 in Polearms
 34131 | Snake:3  | Your ally Orik died
 34141 | Snake:3  | Your ally Urtork died
 34447 | Snake:3  | Your ally Herok died
 34634 | Snake:3  | Identified the +4 mace "Egg" {venom, rPois rF+ Will++
                  | Int+3}
 34650 | Snake:3  | Anointed Morguth the priest as your apostle
 35152 | Snake:4  | Entered Level 4 of the Snake Pit
 35569 | Snake:4  | Reached skill level 23 in Polearms
 35768 | Snake:4  | Reached XP level 18. HP: 153/163 MP: 20/29
 36061 | Snake:4  | Identified the +1 leather armour of Impatience {rF- rCorr
                  | Int+6 Dex+4}
 36439 | Snake:4  | Your ally Urtork died
 36926 | Snake:4  | Your ally Herok died
 36934 | Snake:4  | Reached skill level 24 in Polearms
 39004 | Snake:4  | Got a serpentine rune of Zot
 39125 | Snake:3  | Anointed Morun the priest as your apostle
 39276 | Shoals:4 | Entered Level 4 of the Shoals
 39307 | Shoals:4 | Paralysed by an air elemental for 1 turns
 39323 | Shoals:4 | Reached skill level 25 in Polearms
 39554 | Shoals:4 | Paralysed by an air elemental for 1 turns
 39626 | Shoals:4 | Found the +9 staff of Olgreb {rPois∞}
 39744 | Shoals:4 | Identified the ring "Lohahuv" {rF+ Will+ Str-3 Int+3 SInv}
 39814 | Shoals:4 | Got a barnacled rune of Zot
 40030 | Shoals:4 | Found a sacrificial altar of Ru.
 40126 | Shoals:4 | Reached XP level 19. HP: 170/170 MP: 21/30
 40320 | Shoals:4 | Paralysed by an air elemental for 1 turns
 41268 | Vaults:1 | Entered Level 1 of the Vaults
 41818 | Vaults:1 | Found a white marble altar of Elyvilon.
 41944 | Vaults:1 | Anointed Learuk the priest as your apostle
 42253 | Vaults:1 | Identified the ring of Tajilid {EV+5 Dex+3}
 43460 | Vaults:2 | Noticed Zenata
 43467 | Vaults:2 | Killed Zenata
 43561 | Vaults:2 | Found a crumbling gateway.
 43571 | Desolati | Entered the Desolation of Salt
 43727 | Desolati | Got the Meditations on the Ghastly Arsonist
 43728 | Desolati | Identified the +3 fire dragon scales of the Salmon {rF++
                  | rC- rN+}
 43866 | Desolati | Got the Cyclopedia of Malignant Attendants
 43869 | Desolati | Identified the +1 shortbow "Estris" {flame, Str+2}
 43882 | Desolati | Got the Spellbook of the Inquisitive Defenders
 43896 | Desolati | Reached XP level 20. HP: 188/188 MP: 22/31
 44953 | Desolati | Identified the +4 trident of the Meager God {heavy, Int+3
                  | Dex+4}
 44961 | Desolati | Got Sif Muna's Compilation of Voltage and Space
 44964 | Desolati | Identified the +3 kite shield of Watchfulness {+Blink +Inv
                  | MP-9 Dex+2}
 44969 | Desolati | Identified the +0 scale mail of Analysis {*Slow rF+ rC-
                  | Dex+7}
 45044 | Desolati | Identified the +5 shortbow "Morofaschi" {drain, Int+4}
 45047 | Desolati | Identified the +2 war axe "Moasisar" {pain, rElec rF++
                  | Will- Int+2}
 45066 | Desolati | Identified the +1 rapier "Ujifor" {speed, ^Drain rF++ rC++}
 45322 | Vaults:2 | Your ally Urtork died
 45323 | Vaults:2 | Demolished by Dorog the orc apostle

Illustrated notes

Levels and vault maps discovered:
D:1:      lightli_arrival_chessboard, layout_loops_corners, minmay_pentomino_o2
D:2:      layout_basic, hellmonk_ecumenical_altar_watching_god
D:3:      layout_loops_cross, lemuel_crystal_altar, kennysheep_orc_chapel
D:4:      layout_gridville, okawaru_gym_becter, kennysheep_little_box,
          minmay_temple_entry_grid, mainiacjoe_sewer_entry_somewhere_in_here_1,
          minmay_close_crescents
D:5:      layout_rooms, dk_vineyard_3, kb_lookout_dungeons_type
D:6:      layout_basic, mainiacjoe_overflow_small_starburst, serial_shops, shop
D:7:      black_bear_nest_2, layout_basic, nicolae_tso_carved_into_rock,
          minmay_microvault
D:8:      layout_gridville, lair_entry_dummy
D:9:      layout_basic, kennysheep_doodads, kennysheep_small_spiral
D:10:     layout_loops_ring, mainiacjoe_overflow_brackets,
          evilmike_ruin_ashenzari, enter_bailey_5, chequers_serial_rivers_marsh
D:11:     layout_loops_corners, minmay_guarded_unrand_finisher
D:12:     minmay_complete_graph, layout_basic, st_stairs_11, library_closet,
          uniq_nergalle
D:13:     layout_roguey, kennysheep_generic_room_10
D:14:     layout_irregular_city, hellmonk_vaults_order_and_chaos,
          minmay_tree_intersection, serial_shops, nicolae_inconvenience_store
D:15:     grunt_enter_depths_hoard, layout_loops_ring, minmay_misc_feat_encased,
          uniq_louise, uniq_azrael
Temple:   hellmonk_temple_two_chambers
Lair:1:   minmay_guarded_unrand_snakebite, layout_misc_corridors,
          infiniplex_staircase_pool, grunt_megastairs_2
Lair:2:   lemuel_slime, layout_loops_ring, guppyfry_snake_entry_island,
          st_stairs_8, infiniplex_staircase_pool_2, grunt_megastairs_3
Lair:3:   layout_long_grid, elwin_shoals_entry_rooms
Lair:4:   layout_hall_layers, minmay_holes, beast_lair_carwin_10,
          serial_bayou_shore_b
Lair:5:   wormcave, layout_long_grid, hangedman_lair_tendril_chambers,
          nicolae_slime_entry_slimehenge, chequers_serial_rivers_small_3
Shoals:1: cheibrodos_shoals_three_sisters, layout_shoals, serial_shops, shop
Shoals:2: layout_shoals, uniq_polyphemus
Shoals:3: layout_shoals
Shoals:4: shoals_end_hellmonk_storm_palace [storm_palace_center_ruins,
          storm_palace_corner_reverse_hut, storm_palace_corner_reverse_hut,
          storm_palace_corner_altar, storm_palace_corner_reverse_hut]
Snake:1:  layout_grid_shapes, serial_bayou_pond_a, nicolae_snake_bzzzt,
          uniq_aizul
Snake:2:  layout_basic
Snake:3:  layout_onion_interference, st_stairs_2, nicolae_snake_mages_go_home,
          lemuel_fruit_tree, minmay_shoptagon
Snake:4:  snake_pit_salamanders_mu, layout_layer_cave, nicolae_triple_integral
Orc:1:    layout_caves, nicolae_specific_store
Orc:2:    st_orc_rangers, layout_diamond_mine, nicolae_volcano_entry_batcave,
          uniq_josephine
Vaults:1: hangedman_vaults_pinch, ontoclasm_vaults_shout, ontoclasm_vaults_spin,
          nicolae_vaults_apartment_1, lemuel_angel_altar,
          nicolae_vaults_apartment_2, vaults_room_door_hall,
          nicolae_vaults_trapezoid_4, nicolae_vaults_tetromino_Z_1, v_misc_9,
          nicolae_vaults_tetromino_L_2, v_rooms_2, nicolae_vaults_double_plus_1,
          layout_vaults_big_room
Vaults:2: portal_desolation_entry_nicolae_slug, nicolae_vaults_big_ls,
          hangedman_vaults_capsules, vaults_room_boxed,
          ontoclasm_vaults_ring_large, nicolae_vaults_little_squares_6,
          vaults_mumra_hexcomb, nicolae_vaults_sightless_eye,
          nicolae_vaults_octothorpe, ontoclasm_vaults_shuriken,
          grunt_vaults_trifunnel, nicolae_vaults_inception_scallops,
          layout_vaults_maze_snakey, serial_shops, shop, uniq_zenata

Skill      XL: |  1  2  3  4  5  6  7  8  9 10 11 12 13 14 15 16 17 18 19 20 |
---------------+-------------------------------------------------------------+-----
Axes           | 3 4 5 6 7 9 10 11 12 | 12.6
Invocations    | 2 4 6 8 10 12 14 15 | 15.0
Shields        | 5 |  5.0
Fighting       | 5 6 7 9 10 12 14 15 18 19 | 19.0
Armour         | 5 6 7 9 10 13 14 | 14.8
Dodging        | 1 3 4 5 |  5.0
Evocations     | 2 4 5 |  5.0
Polearms       | 4 10 15 16 17 20 23 25 | 25.3

Action                     |  1- 3 |  4- 6 |  7- 9 | 10-12 | 13-15 | 16-18 | 19-21 || total
---------------------------+-------+-------+-------+-------+-------+-------+-------++-------
  Melee: War axe           |   104 |    31 |    97 |    51 |       |       |       ||   283
         Scythe            |       |       |       |   353 |   912 |  1124 |   740 ||  3129
   Fire: Sling             |       |   133 |   305 |    84 |    11 |       |       ||   533
 Invoke: Convert to Beogh  |       |     1 |       |       |       |       |       ||     1
         Smiting           |       |       |     1 |     6 |    13 |    10 |     8 ||    38
         Recruit Apostle   |       |       |     1 |     3 |     2 |     3 |     1 ||    10
         Recall Apostles   |       |       |       |     5 |     9 |     7 |     2 ||    23
         Dismiss Apostle   |       |       |       |     1 |     2 |     3 |     1 ||     7
  Evoke: Wand              |       |       |     2 |     5 |     1 |     5 |       ||    13
         Condenser vane    |       |       |       |       |       |     3 |       ||     3
    Use: Scroll            |       |     6 |    14 |     7 |     7 |     9 |     4 ||    47
         Potion            |       |       |     4 |     3 |     4 |     4 |     1 ||    16
   Stab: Paralysed         |       |       |     4 |     3 |       |     2 |       ||     9
         Distracted        |       |       |       |     6 |    11 |    13 |     4 ||    34
 Armour: Chain mail        |    29 |       |    93 |       |   435 |   945 |   425 ||  1927
         Scale mail        |     1 |       |       |       |       |       |       ||     1
         Ring mail         |    52 |    93 |   107 |   205 |   147 |       |       ||   604
  Dodge: Dodged            |    56 |    64 |   243 |   343 |   479 |   278 |   131 ||  1594
  Block: Buckler           |    24 |    29 |    83 |    36 |       |       |       ||   172

Table legend: (Time is in decaauts)
 A = Elapsed time spent in this place.
 B = Non-inter-level travel time spent in this place.
 C = Inter-level travel time spent in this place.
 D = Time resting spent in this place.
 E = Time spent auto-exploring this place.
 F = Levels seen in this place.
 G = Mean time per level.
                   A        B        C        D        E       F      G
               +--------+--------+--------+--------+--------+-----+--------+
         Total |  44577 |  42398 |   2179 |    672 |  34253 |  37 | 1204.8 |
       Dungeon |  15961 |  14811 |   1150 |    292 |  11661 |  15 | 1064.1 |
        Temple |      1 |      1 |      0 |      0 |      0 |   1 |    1.0 |
          Lair |   7356 |   6927 |    429 |    205 |   5523 |   5 | 1471.2 |
        Shoals |   6026 |   5834 |    192 |      0 |   4897 |   4 | 1506.5 |
     Snake Pit |   8406 |   8157 |    249 |     75 |   7041 |   4 | 2101.5 |
  Orcish Mines |   1879 |   1801 |     78 |      0 |   1430 |   2 |  939.5 |
        Vaults |   2135 |   2056 |     79 |      0 |   1678 |   2 | 1067.5 |
         Sewer |    561 |    561 |      0 |    100 |    293 |   1 |  561.0 |
        Bailey |    318 |    318 |      0 |      0 |    242 |   1 |  318.0 |
       Volcano |    377 |    377 |      0 |      0 |    217 |   1 |  377.0 |
    Desolation |   1552 |   1552 |      0 |      0 |   1270 |   1 | 1552.0 |
               +--------+--------+--------+--------+--------+-----+--------+

Top non-repeatable levels by time:
 Snake:4: 3535 daAuts
Vaults:1: 1964 daAuts
  Lair:5: 1947 daAuts
    D:11: 1885 daAuts
Shoals:2: 1804 daAuts
 Snake:3: 1748 daAuts
    D:12: 1656 daAuts
 Snake:2: 1645 daAuts
  Lair:2: 1599 daAuts
Shoals:4: 1597 daAuts
Shoals:1: 1585 daAuts
Desolation: 1552 daAuts
  Lair:4: 1484 daAuts
 Snake:1: 1476 daAuts
     D:8: 1360 daAuts
